 Dungeon Crawl Stone Soup version 0.30-b1-2-g02819fbbbe (webtiles) character file.

Game seed: 9827176035978889794

161 decrepitude the Changer (level 5, -5/49 HPs)
             Began as an Octopode Transmuter on May 19, 2023.
             Killed from afar by a white imp (8 damage)
             ... with a puff of frost
             ... on level 3 of the Dungeon.
             The game lasted 00:03:58 (2217 turns).

decrepitude the Changer (Octopode Transmuter)       Turns: 2217, Time: 00:03:59

Health: -5/49      AC: 22    Str: 11    XL:     5   Next: 42%
Magic:  6/8        EV:  2    Int: 15    God:
Gold:   89         SH:  0    Dex: 13    Spells: 1/8 levels left

rFire   . .          .
                       - Unarmed
rCold   . . .        (no shield)
rNeg    . . .        (helmet currently unavailable)
rPois   +            (no amulet)
rElec   .            (no ring)
rCorr   .            (no ring)
SInv    .            (no ring)
Will    .....        (no ring)
Stlth   +            (no ring)
HPRegen 0.28/turn    (no ring)
MPRegen 0.11/turn    (no ring)
                     (no ring)

%: no passive effects
@: tree-form, wereblooded
A: stationary, stasis, torment immunity, boosted hp, almost no armour,
(amphibious), 8 rings, (camouflage 1), (gelatinous body 1), (nimble swimmer 1),
(tentacles)
a: no special abilities


You were on level 3 of the Dungeon.
You were a tree.
You visited 1 branch of the dungeon, and saw 3 of its levels.

You collected 89 gold pieces.

Inventory:

Missiles
 p - 6 atropa-tipped darts
 r - 7 poisoned darts
Jewellery
 n - a +6 ring of dexterity
Scrolls
 b - a scroll of identify {unknown}
 d - 2 scrolls of vulnerability {unknown}
 h - a scroll of acquirement {unknown}
 l - a scroll of fear {unknown}
 o - a scroll of immolation {unknown}
 q - a scroll of amnesia {unknown}
Potions
 c - 3 potions of haste {unknown}
 e - 2 potions of might {unknown}
 f - a potion of berserk rage {unknown}
 g - a potion of cancellation {unknown}
 i - a potion of attraction {unknown}
 j - a potion of degeneration {unknown}
 k - a potion of flight {unknown}
 m - a potion of mutation {unknown}


   Skills:
 - Level 1.0 Fighting
 - Level 1.0 Throwing
 - Level 2.0 Dodging
 - Level 3.0 Unarmed Combat
 - Level 2.0 Spellcasting
 + Level 3.8 Transmutations
 + Level 3.3 Ice Magic


You had one spell level left.
You knew the following spells:

 Your Spells              Type           Power      Damage    Failure   Level
a - Beastly Appendage     Tmut           26%        N/A       4%          1
b - Wereblood             Tmut           13%        N/A       7%          2
c - Ice Form              Ice/Tmut       12%        N/A       45%         4

Your spell library contained the following spells:

 Spells                   Type           Power      Damage    Failure   Level
 Spider Form              Tmut/Pois      7%         N/A       30%         3
 Sublimation of Blood     Necr           1%         N/A       32%         2
 Iskenderun's Battlesphe  Conj           1%         2d6       99%         5
 Iron Shot                Conj/Erth      0%         9d1       100%        6
 Spellforged Servitor     Conj/Summ      0%         N/A       100%        7
 Summon Hydra             Summ           0%         N/A       100%        7


Dungeon Overview and Level Annotations

Branches:
Dungeon (3/15) Zot: 15785

Altars:
Sif Muna

Annotations:
D:1 exclusion: hobgoblin


Innate Abilities, Weirdness & Mutations

You are a tree.
Your roots penetrate the ground, keeping you stationary.
You cannot be teleported.
You are immune to unholy pain and torment.
Your maximum health is greatly increased.
You cannot wear most types of armour.
((You are amphibious.))
You can wear up to eight rings at the same time.
((Your skin changes colour to match your surroundings (Stealth+).))
((Your rubbery body absorbs attacks. (AC +1, EV +1)))
((You are camouflaged when in or above water. (Stealth+)))
((You have tentacles for arms and can constrict up to eight enemies at once.))


Message History

You pierce the white imp.
Your squeeze misses the white imp.
The white imp is lightly wounded.
The white imp gestures at you. The puff of frost hits you!
* * * LOW HITPOINT WARNING * * *
Unknown command.
You take 13 damage, and have 2/33 hp.
NOW THAT'S A LOTTA DAMAGE!!
Really quaff the potion of lignification?
Your tentacle spike disappears.
You turn into a tree.
Your roots penetrate the ground.
The white imp hits you but does no damage.
You now have 4/49hp.
Unknown command.
Unknown command.
Unknown command.
You barely miss the white imp.
The white imp is lightly wounded.
The white imp gestures at you. The puff of frost hits you.
* * * LOW HITPOINT WARNING * * *
You take 1 damage, and have 3/49 hp.
Unknown command.
You hit the white imp.
The white imp is heavily wounded.
The white imp hits you but does no damage.
Unknown command.
Unknown command.
You hit the white imp.
The white imp is severely wounded.
The white imp gestures at you. The puff of frost hits you.
* * * LOW HITPOINT WARNING * * *
Unknown command.
You take 1 damage, and have 2/49 hp.
Unknown command.
You completely miss the white imp.
The white imp is severely wounded.
The white imp gestures at you. The puff of frost hits you!
You die...

###)......# ._.#
##<...>..## #.:.#
........## #...#
##...>..# #..5###
...##)..# ##...##.####
#..#..#######...##......
..........##...##.......
###.......#...##........
# ##.........^##♣.......
##..........5......[.
#..........#........
#..........#...<....
............#########
.###########..# ##...
..> ..


You could see a white imp.

Vanquished Creatures
  An ice beast (D:3)
  2 adders (D:2)
  4 dart slugs
  An orc (D:3)
  3 endoplasms (D:1)
  3 giant cockroaches
  3 goblins
  4 hobgoblins
  A quokka (D:1)
  5 ball pythons
  2 bats
  5 frilled lizards
  5 kobolds
  5 rats (D:1)
44 creatures vanquished.

Notes
Turn   | Place    | Note
-------+----------+-------------------------------------------
     0 | D:1      | decrepitude the Octopode Transmuter began the quest for the
                  | Orb.
     0 | D:1      | Reached XP level 1. HP: 13/13 MP: 3/3
    80 | D:1      | Reached skill level 1 in Ice Magic
    80 | D:1      | Reached XP level 2. HP: 18/18 MP: 3/5
    83 | D:1      | Learned a level 2 spell: Wereblood
   650 | D:1      | Reached XP level 3. HP: 22/23 MP: 2/6
  1678 | D:2      | Reached XP level 4. HP: 17/28 MP: 4/7
  1982 | D:3      | Learned a level 4 spell: Ice Form
  1989 | D:3      | Noticed an ice beast
  2114 | D:3      | Killed an ice beast
  2115 | D:3      | Reached skill level 1 in Throwing
  2115 | D:3      | Reached XP level 5. HP: 30/33 MP: 2/8
  2198 | D:3      | Found a shimmering blue altar of Sif Muna.
  2216 | D:3      | HP: 2/49 [white imp/puff of frost (1)]
  2217 | D:3      | Killed from afar by a white imp

Illustrated notes

Levels and vault maps discovered:
D:1:      onia_arrival_handbag, layout_loops_ring, due_unseen_surprise
D:2:      layout_basic
D:3:      layout_rooms, nzn_overflow_gifts_of_might_and_magic,
          nicolae_overflow_two_pavilions

Skill      XL: |  1  2  3  4 |
---------------+-------------+-----
Ice Magic      | 1 2 3 |  3.3
Transmutations | 3 |  3.8
Throwing       | 1 |  1.0
Fighting       | |  1.0
Dodging        | |  2.0
Unarmed Combat | |  3.0
Spellcasting   | |  2.0

Action                     |  1- 3 |  4- 6 || total
---------------------------+-------+-------++-------
  Melee: Unarmed           |    66 |    26 ||    92
         Kick              |    23 |     2 ||    25
         Constrict         |    18 |     2 ||    20
         Tentacles         |    10 |     4 ||    14
   Cast: Beastly Appendage |    24 |     5 ||    29
         Wereblood         |    15 |     5 ||    20
         Ice Form          |       |     1 ||     1
    Use: Potion            |       |     1 ||     1
   Stab: Sleeping          |     9 |       ||     9
 Armour: Skin              |     5 |     4 ||     9
  Dodge: Dodged            |    27 |     8 ||    35
